 Dungeon Crawl Stone Soup version 0.31.0-9-g3a7656b989 (webtiles) character file.

Game seed: 18199501339675423170

375 qw the Skirmisher (level 6, -7/35 HPs)
             Began as a Deep Elf Hunter on Feb 2, 2024.
             Was an Initiate of Okawaru.
             Mangled by a gnoll
             ... wielding a +0 halberd
              (11 damage)
             ... on level 5 of the Dungeon.
             The game lasted 00:00:14 (3578 turns).

qw the Skirmisher (Deep Elf Hunter)                 Turns: 3578, Time: 00:00:14

Health: -7/35      AC:  5    Str: 10    XL:     6   Next: 44%
Magic:  8/8        EV: 11    Int: 14    God:    Okawaru [......]
Gold:   242        SH:  0    Dex: 18    Spells: 5/5 levels left

rFire   . . .        a - +0 shortbow
rCold   . . .        (shield currently unavailable)
rNeg    . . .        e - +0 ring mail
rPois   .            (no helmet)
rElec   .            (no cloak)
rCorr   .            (no gloves)
SInv    .            (no boots)
Will    .....        j - amulet of faith
Stlth   +            (no ring)
HPRegen 0.25/turn    (no ring)
MPRegen 0.11/turn

%: faith
@: about to teleport
A: no striking features
a: Renounce Religion


You were on level 5 of the Dungeon.
You worshipped Okawaru.
Okawaru was noncommittal.
You visited 2 branches of the dungeon, and saw 6 of its levels.

You collected 242 gold pieces.


   Skills:
 - Level 2.0 Fighting
 + Level 9.8 Ranged Weapons
 - Level 3.2 Dodging
 - Level 1.2 Stealth


You had 5 spell levels left.
You didn't know any spells.
Your spell library was empty.

Inventory:

Hand Weapons
 a - a +0 shortbow (weapon)
Armour
 e - a +0 ring mail (worn)
Jewellery
 i - a ring of fire
 j - an amulet of faith (around neck)
 m - an amulet of guardian spirit
Wands
 l - a wand of quicksilver (7)
Potions
 c - a potion of cancellation {unknown}
 d - 3 potions of curing
 g - a potion of heal wounds
 h - a potion of haste
 k - 2 potions of might

Dungeon Overview and Level Annotations

Branches:
Dungeon (5/15)             Temple (1/1) D:5

Altars:
Ashenzari
Dithmenos
Elyvilon
Fedhas
Gozag
Kikubaaqudgha
Makhleb
Nemelex Xobeh
Okawaru
Qazlal
Ru
Sif Muna
Trog
Uskayaw
Wu Jian
Xom
Yredelemnul
Zin
The Shining One


Message History

Enter note:
Enter note: You climb downwards.
There is a stone staircase leading up here.
Enter note:
Enter note:
Enter note:
Found a stone staircase leading down.
There is a stone staircase leading down here.
Found a rapier.
You see here a +0 rapier. 3 gnolls come into view.
The gnoll shouts! x2
You shoot an arrow. The arrow hits the gnoll.
The gnoll is lightly wounded.
You shoot an arrow. The arrow closely misses the gnoll.
The gnoll hits you from afar with a +0 halberd.
You shoot an arrow. The arrow barely misses the gnoll.
The gnoll hits you from afar with a +0 halberd.
You shoot an arrow. The arrow closely misses the gnoll.
The gnoll closely misses you.
You shoot an arrow. The arrow hits the gnoll!
The gnoll is severely wounded.
The gnoll hits you from afar with a +0 halberd.
You shoot an arrow. The arrow closely misses the gnoll.
The gnoll hits you from afar with a +0 halberd!
You shoot an arrow. The arrow hits the gnoll.
The gnoll is almost dead.
The gnoll closely misses you.
You shoot an arrow. The arrow hits the gnoll!
You kill the gnoll!
Okawaru accepts your kill.
You shoot an arrow. The arrow hits the gnoll!
The gnoll is severely wounded.
The gnoll hits you from afar with a +0 halberd!
3578 ||| READING scroll of teleportation.
As you read the scroll of teleportation, it crumbles to dust.
You feel strangely unstable.
The gnoll hits you from afar with a +0 halberd!
You die...

#...... ... #...... ...
#.<.... ... ####### #
#.# #####.#.# #####
#.....#.# #...#
........##########...###
#......@................
######...........#...###
#g#########.#......
#g#...# #.#....#.
#.#.#.# #.#....#.
#.#.#)# #.####.##
#.#.#.#####.####.##
#.#.#.......#....##
#.###############


You could see 2 gnolls.

Vanquished Creatures
  2 bombardier beetles
  A hound (D:4)
  Jessica (D:2)
  An iguana (D:4)
  2 orc wizards (D:4)
  A gnoll (D:5)
  7 adders
  A river rat (D:4)
  2 ufetubi
  A ribbon worm (D:2)
  A dart slug (D:1)
  3 orcs (D:4)
  6 bats
  4 endoplasms
  6 giant cockroaches
  7 goblins
  9 hobgoblins
  6 jackals
  5 kobolds
  6 quokkas
  9 ball pythons
  4 frilled lizards
  9 rats
94 creatures vanquished.

Notes
Turn   | Place    | Note
-------+----------+-------------------------------------------
     0 | D:1      | qw the Deep Elf Hunter began the quest for the Orb.
     0 | D:1      | Reached XP level 1. HP: 12/12 MP: 3/3
     0 | D:1      | 0 ||| qw: Version: 0.3-a-155-g5e7d8dd
     0 | D:1      | 0 ||| qw: Game counter: 1319
     0 | D:1      | 0 ||| qw: Melee chars always use a shield: true
     0 | D:1      | 0 ||| qw: God list: Okawaru
     0 | D:1      | 0 ||| qw: Allow faded altars: false
     0 | D:1      | 0 ||| qw: Do Orc after clearing Dungeon:15 true
     0 | D:1      | 0 ||| qw: Do second Lair branch before Depths: true
     0 | D:1      | 0 ||| qw: Lair rune preference: random
     0 | D:1      | 0 ||| qw: Goals: Normal
     0 | D:1      | 0 ||| PLANNING D:1-11
     9 | D:1      | You fall into a shaft and drop 1 floor!
    53 | D:2      | Reached skill level 6 in Ranged Weapons
    53 | D:2      | Reached XP level 2. HP: 16/16 MP: 4/4
    92 | D:2      | 92 ||| DROPPING scroll of butterflies.
   387 | D:1      | Reached XP level 3. HP: 20/20 MP: 5/5
   689 | D:1      | Reached skill level 7 in Ranged Weapons
   826 | D:1      | 826 ||| DROPPING ring of flight.
   827 | D:1      | 827 ||| READING scroll labelled WESI FOITHE.
   828 | D:1      | 828 ||| READING scroll labelled WEL GALUOFUNI.
   829 | D:1      | 829 ||| READING scroll labelled ZUVOEPU GEEPO.
   832 | D:1      | 832 ||| READING scroll labelled NAIZYSCHOPSO.
   832 | D:1      | 832 ||| IDENTIFYING silvery potion
   833 | D:1      | 833 ||| DRINKING 3 lumpy silvery potions.
   834 | D:1      | 834 ||| DRINKING 2 dark potions.
   835 | D:1      | 835 ||| DROPPING potion of degeneration.
   836 | D:1      | 836 ||| DROPPING potion of lignification.
   865 | D:2      | Noticed Jessica
   872 | D:2      | Killed Jessica
   873 | D:2      | Reached XP level 4. HP: 25/25 MP: 6/6
  1273 | D:2      | Reached skill level 8 in Ranged Weapons
  1287 | D:2      | Identified the +7 mace of Damp Judgement {freeze, Int+3}
  1289 | D:2      | Found a faded altar of an unknown god.
  1524 | D:2      | 1524 ||| UPGRADING to +2 robe of willpower.
  1534 | D:2      | 1534 ||| DROPPING +0 leather armour.
  1535 | D:2      | 1535 ||| UPGRADING to amulet of faith.
  1540 | D:2      | 1540 ||| READING 3 scrolls of identify.
  1540 | D:2      | 1540 ||| IDENTIFYING cyan potion
  1541 | D:2      | 1541 ||| READING 2 scrolls of identify.
  1541 | D:2      | 1541 ||| IDENTIFYING clear potion
  1542 | D:2      | 1542 ||| READING scroll of identify.
  1542 | D:2      | 1542 ||| IDENTIFYING scroll labelled LOTHRY TEOM
  1543 | D:2      | 1543 ||| DROPPING potion of invisibility.
  1544 | D:2      | 1544 ||| DROPPING scroll of fear.
  1616 | D:3      | Reached skill level 3 in Dodging
  1616 | D:3      | Reached XP level 5. HP: 29/29 MP: 7/7
  1851 | D:3      | Found a shadowy altar of Dithmenos.
  2060 | D:3      | 2060 ||| READING scroll of identify.
  2060 | D:3      | 2060 ||| IDENTIFYING emerald potion
  2061 | D:3      | 2061 ||| READING scroll labelled GICZUDA UFEKEO.
  2062 | D:3      | 2062 ||| READING scroll labelled TAXZIF ZYTOWA.
  2063 | D:3      | 2063 ||| DRINKING 2 inky potions.
  2105 | D:4      | 2105 ||| PLANNING SEWER
  2131 | D:4      | 2131 ||| FLEEEEING.
  2132 | D:4      | 2132 ||| FLEEEEING.
  2135 | D:4      | 2135 ||| FLEEEEING.
  2143 | D:4      | Reached skill level 9 in Ranged Weapons
  2457 | D:4      | Reached XP level 6. HP: 35/35 MP: 8/8
  2764 | D:4      | 2764 ||| RIP SEWER
  2834 | D:4      | 2834 ||| PLANNING D:1-11
  3224 | D:4      | 3224 ||| UPGRADING to +0 ring mail.
  3234 | D:4      | 3234 ||| DROPPING +2 robe of willpower.
  3235 | D:4      | 3235 ||| READING scroll labelled SUAGRA FOP KOCOJ.
  3259 | D:5      | Entered Level 5 of the Dungeon
  3263 | D:5      | 3263 ||| STAIRDANCE
  3311 | D:5      | Found a staircase to the Ecumenical Temple.
  3312 | D:5      | 3312 ||| PLANNING TEMPLE
  3320 | Temple   | Entered the Ecumenical Temple
  3321 | Temple   | 3321 ||| PLANNING OKAWARU WORSHIP
  3344 | Temple   | Became a worshipper of Warmaster Okawaru
  3345 | Temple   | 3345 ||| PLANNING D:1-11
  3577 | D:5      | HP: 4/35 [gnoll/+0 halberd (9)]
  3578 | D:5      | 3578 ||| READING scroll of teleportation.
  3578 | D:5      | Mangled by a gnoll

Levels and vault maps discovered:
D:1:      lightli_arrival_maybe_door_vault, layout_basic, minmay_pentomino_r4
D:2:      layout_basic, nicolae_ecumenical_snake_handling, serial_corexii_hall,
          corexii_hall_statues_s, chequers_hall_statues_corner_a,
          minmay_door_square, uniq_jessica
D:3:      layout_rooms, mainiacjoe_overflow_alcove_2
D:4:      layout_loops_corners, gup_sewer_entry_spiral, kennysheep_small_spiral,
          small_statue_intersection
D:5:      minmay_skewed_foursquare, layout_basic, minmay_temple_entry_grid
Temple:   compressed_dpeg_circular_temple

Skill      XL: |  1  2  3  4  5 |
---------------+----------------+-----
Ranged Weapons | 6 7 8 9 |  9.8
Dodging        | 3 |  3.2
Fighting       | 2 |  2.0
Stealth        | |  1.2

Action                     |  1- 3 |  4- 6 || total
---------------------------+-------+-------++-------
   Fire: Shortbow          |    81 |   204 ||   285
    Use: Scroll            |     4 |     8 ||    12
         Potion            |     2 |     1 ||     3
 Armour: Leather armour    |    12 |     3 ||    15
         Robe              |       |    26 ||    26
         Ring mail         |       |    11 ||    11
  Dodge: Dodged            |    18 |    45 ||    63

Table legend:
 A = Non-vault XP
 B = Vault XP
 C = Vault XP percentage of total XP
 D = Non-vault monster count
 E = Vault monster count
 F = Vault count percentage of total count
                 A         B        C        D         E       F
            +---------+---------+-------+---------+---------+-------
      Total |     439 |      97 |  18.1 |      79 |      15 |  16.0
            +---------+---------+-------+---------+---------+-------
        D:1 |      39 |       4 |   9.3 |      24 |       2 |   7.7
        D:2 |      50 |      68 |  57.6 |      15 |       6 |  28.6
        D:3 |      82 |       0 |   0.0 |      19 |       0 |   0.0
        D:4 |     246 |      25 |   9.2 |      19 |       7 |  26.9
        D:5 |      22 |       0 |   0.0 |       2 |       0 |   0.0
            +---------+---------+-------+---------+---------+-------
